 Dungeon Sprint DCSS version 0.31-a0-841-g038b102fc3 (webtiles) character file.

Game seed: 14081696067703896671

465 sircluck the Grappler (level 6, -1/106 HPs)
             Began as a Troll Berserker on Sept 27, 2023.
             Was a High Priest of Trog.
             Slain by a merfolk
             ... wielding a +0 trident
             ... led by a merfolk aquamancer
              (25 damage)
             ... in the Dungeon (Sprint VII: "The Pits").
             The game lasted 00:00:38 (210 turns).

sircluck the Grappler (Troll Berserker)              Turns: 210, Time: 00:00:38

Health: -1/106     AC:  4    Str: 28    XL:     6   Next: 80%
Magic:  5/5        EV: 11    Int:  3    God:    Trog [*****.]
Gold:   0          SH:  0    Dex:  9    Spells: 5/5 levels left

rFire   . .          .
                       - Unarmed
rCold   . . .        (no shield)
rNeg    . . .        a - +0 animal skin
rPois   .            (helmet restricted)
rElec   .            (no cloak)
rCorr   .            (gloves unavailable)
SInv    .            (boots unavailable)
Will    .....        (no amulet) Stlth
                     (no ring)
HPRegen 1.17/turn    (no ring)
MPRegen 0.09/turn

%: no teleportation
@: berserking, very quick
A: large, unfitting armour, claws 3, regeneration 1, shaggy fur 1, tough skin 1
a: Renounce Religion, Berserk, Trog's Hand, Brothers in Arms


You were in the Dungeon.
You worshipped Trog.
Trog was extremely pleased with you.
You visited 1 branch

Inventory:

Armour
 a - a +0 animal skin (worn)
Scrolls
 g - a scroll of blinking
 i - 2 scrolls of vulnerability
 j - a scroll of butterflies
Potions
 b - 6 potions of curing
 c - 6 potions of heal wounds
 d - a potion of haste
 e - 4 potions of magic
 f - 3 potions of berserk rage
 h - 2 potions of invisibility


   Skills:
 + Level 7.6 Fighting
 + Level 7.5 Dodging
 + Level 9.0 Unarmed Combat


You had 5 spell levels left.
You didn't know any spells.
Your spell library was empty.

Dungeon Overview and Level Annotations

Branches:
Dungeon (1/1)

Altars:
Ashenzari
Cheibriados
Dithmenos
Elyvilon
Fedhas
Gozag
Hepliaklqana
Kikubaaqudgha
Makhleb
Nemelex Xobeh
Okawaru
Qazlal
Ru
Sif Muna
Trog
Uskayaw
Vehumet
Wu Jian
Xom
Yredelemnul
Zin
The Shining One
Jiyva
Lugonu


Innate Abilities, Weirdness & Mutations

You are too large for most types of armour.
You have claws for hands.
Your natural rate of healing is unusually fast.
You are covered in fur. (AC +1)
You have tough skin. (AC +1)


Message History

No target in view!
There is an open door here.
Things that are here:
a +0 dagger; a goblin corpse You open the door.
A crimson imp, a white imp, 2 merfolk and 2 water elementals come into view.
A merfolk aquamancer is wielding a +1 rapier of draining.
The crimson imp shouts!
The white imp shouts!
The merfolk aquamancer shouts!
The merfolk shouts!
A merfolk comes into view. It is wielding a +0 trident.
A red film seems to cover your vision as you go berserk!
You feel yourself moving faster!
You feel mighty!
The merfolk shouts!
The water elemental hits you!
The water elemental engulfs you in water!
Okay, then.
You mangle the water elemental!!
The water elemental is almost destroyed.
Your lungs strain for air!
The merfolk hits you from afar with a +0 trident!
The water elemental hits you.
The merfolk hits you from afar with a +0 trident!!
You claw the water elemental!
You destroy the water elemental!
Trog accepts your kill. The water engulfing you falls away.
You gasp with relief as air once again reaches your lungs.
Your Fighting skill increases to level 7!
Your Dodging skill increases to level 7!
Your Unarmed Combat skill increases to level 9!
You claw the merfolk aquamancer!
The merfolk aquamancer is moderately wounded.
The merfolk misses you. The merfolk closely misses you.
You barely miss the merfolk aquamancer.
The merfolk aquamancer is moderately wounded.
The merfolk aquamancer casts a spell at you.
The ball of steam hits you!!
* * * LOW HITPOINT WARNING * * *
The merfolk hits you from afar with a +0 trident!!
You die...

#.#####'#####...<...#
#.#..[)))..##.......#
#)#..[)))..##.......#
#'###########.......#
#.......# #########
#.###...# ###
#.#.....# ...#
#.#...#.#+#m...#
#.....#.#@mm5..+
#...###.#)#5...#
#....†..'.# ...#
########### ###


You could see a merfolk aquamancer, 2 merfolk, a crimson imp and a white imp.

Vanquished Creatures
  A water elemental (D)
  A water moccasin (D)
  An ice beast (D)
  A centaur (D)
  An iguana (D)
  An adder (D)
  A ball python (D)
  2 bats (D)
  A giant cockroach (D)
  A goblin (D)
  2 quokkas (D)
  2 frilled lizards (D)
  3 kobolds (D)
  A rat (D)
19 creatures vanquished.

Notes
Turn   | Place    | Note
-------+----------+-------------------------------------------
     0 | D        | sircluck the Troll Berserker began the quest for the Orb.
     0 | D        | Reached XP level 1. HP: 22/22 MP: 0/0
    15 | D        | Reached XP level 2. HP: 31/31 MP: 1/1
    18 | D        | Found a bloodstained altar of Trog.
    18 | D        | Found a shimmering blue altar of Sif Muna.
    18 | D        | Found a viscous altar of Jiyva.
    18 | D        | Found a hazy altar of Hepliaklqana.
    18 | D        | Found an opulent altar of Gozag.
    19 | D        | Found a glowing golden altar of the Shining One.
    19 | D        | Found a glowing silver altar of Zin.
    19 | D        | Found a basalt altar of Yredelemnul.
    19 | D        | Found a shimmering altar of Xom.
    19 | D        | Found an ornate altar of the Wu Jian Council.
    19 | D        | Found a sacrificial altar of Ru.
    19 | D        | Found a stormy altar of Qazlal.
    19 | D        | Found an iron altar of Okawaru.
    19 | D        | Found a sparkling altar of Nemelex Xobeh.
    19 | D        | Found a burning altar of Makhleb.
    19 | D        | Found a blossoming altar of Fedhas.
    19 | D        | Found a white marble altar of Elyvilon.
    19 | D        | Found a shadowy altar of Dithmenos.
    19 | D        | Found a snail-covered altar of Cheibriados.
    23 | D        | Found a corrupted altar of Lugonu.
    23 | D        | Found a radiant altar of Vehumet.
    24 | D        | Found a broken altar of Ashenzari.
    24 | D        | Found an ancient bone altar of Kikubaaqudgha.
    24 | D        | Found a hide-covered altar of Uskayaw.
    61 | D        | Reached ** piety under Trog
    63 | D        | Reached skill level 4 in Unarmed Combat
    69 | D        | HP: 1/31 [iguana (10)]
    73 | D        | Reached *** piety under Trog
    74 | D        | Reached XP level 3. HP: 7/39 MP: 2/2
   133 | D        | Noticed a water moccasin
   144 | D        | Killed a water moccasin
   144 | D        | Reached **** piety under Trog
   145 | D        | Reached skill level 5 in Fighting
   145 | D        | Reached skill level 5 in Dodging
   145 | D        | Reached skill level 6 in Unarmed Combat
   145 | D        | Reached XP level 4. HP: 44/50 MP: 3/3
   145 | D        | Reached XP level 5. HP: 50/57 MP: 4/4
   146 | D        | Noticed a centaur
   156 | D        | Killed a centaur
   157 | D        | Reached skill level 7 in Unarmed Combat
   166 | D        | Noticed an ice beast
   172 | D        | Killed an ice beast
   173 | D        | Reached skill level 8 in Unarmed Combat
   173 | D        | Reached XP level 6. HP: 57/68 MP: 5/5
   197 | D        | Reached ***** piety under Trog
   205 | D        | Noticed a merfolk aquamancer
   205 | D        | Noticed a water elemental
   205 | D        | Noticed a merfolk
   205 | D        | Noticed a water elemental
   205 | D        | Noticed a merfolk
   208 | D        | Killed a water elemental
   209 | D        | Reached skill level 9 in Unarmed Combat
   210 | D        | Slain by a merfolk

Illustrated notes

Levels and vault maps discovered:
D:        pitsprint [storerooms_1, entrance_room_1, metal_vault_4, armoury_1,
          mini_pit_1, grid_room_1, main_hall_1, silver_pit, the_coven_3,
          the_vestibule_1, steel_vault_1, golden_pit, hallway_of_sentries,
          crystal_vault_1, iron_vault_1, final_vault]

Skill      XL: |  1  2  3  4  5  6 |
---------------+-------------------+-----
Fighting       | 3 4 5 6 7 |  7.6
Dodging        | 3 5 6 7 |  7.5
Unarmed Combat | 4 6 8 9 |  9.0

Action                     |  1- 3 |  4- 6 || total
---------------------------+-------+-------++-------
  Melee: Unarmed           |    20 |    22 ||    42
         Punch             |     1 |       ||     1
 Invoke: Berserk           |       |     1 ||     1
   Stab: Sleeping          |     1 |       ||     1
 Armour: Animal skin       |    14 |    15 ||    29
  Dodge: Dodged            |    10 |    18 ||    28

Table legend: (Time is in decaauts)
 A = Elapsed time spent in this place.
 B = Non-inter-level travel time spent in this place.
 C = Inter-level travel time spent in this place.
 D = Time resting spent in this place.
 E = Time spent auto-exploring this place.
 F = Levels seen in this place.
 G = Mean time per level.
                   A        B        C        D        E       F      G
               +--------+--------+--------+--------+--------+-----+--------+
         Total |    204 |    204 |      0 |      0 |     82 |   1 |  204.0 |
       Dungeon |    204 |    204 |      0 |      0 |     82 |   1 |  204.0 |
               +--------+--------+--------+--------+--------+-----+--------+

Top non-repeatable levels by time:
       D: 204 daAuts
